SL
LAS VEGAS FLAMINGOS @ COLUMBUS TIDAL WAVES
09/23/2019
 
TOP OF THE 1ST
Las Vegas Flamingos batting - Pitching for Columbus Tidal Waves : RHP Bill Fletcher
Pitching: RHP Bill Fletcher
Batting: RHB Bill Taylor 0-0: Called Strike
0-1: Ball
1-1: Ball
2-1: Called Strike
2-2: Foul Ball, location: 2F
2-2: Foul Ball, location: 2F
2-2: Strikes out swinging
Batting: RHB David Gómez 0-0: Ball
1-0: Ground out 1-3 (Groundball, 25)
Batting: RHB Bill Childers 0-0: Swinging Strike
0-1: Ball
1-1: Ball
2-1: Foul Ball, location: 2F
2-2: Ball
3-2: Fly out, F3 (Popup, 3F)
Top of the 1st over - 0 run(s), 0 hit(s), 0 error(s), 0 left on base; Las Vegas 0 - Columbus 0
BOTTOM OF THE 1ST
Columbus Tidal Waves batting - Pitching for Las Vegas Flamingos : LHP Russ Melanson
Pitching: LHP Russ Melanson
Batting: LHB Trent Kershaw 0-0: Ground out 6-3 (Groundball, 6)
Batting: RHB Florian Cesaresco 0-0: Called Strike
0-1: Ball
1-1: Swinging Strike
1-2: Ball
2-2: Ground out 6-3 (Groundball, 6)
Batting: RHB Cale Sutton 0-0: DOUBLE (Groundball, 5L)
Batting: RHB George McDonald 0-0: Called Strike
0-1: DOUBLE (Line Drive, 7LD)
Cale Sutton scores
Batting: LHB Do-hyung Nam 0-0: Ball
1-0: Ball
2-0: Ball
3-0: Base on Balls
Batting: LHB Jon MacIntyre 0-0: Ball
1-0: Called Strike
1-1: Called Strike
1-2: Strikes out looking
Bottom of the 1st over - 1 run(s), 2 hit(s), 0 error(s), 2 left on base; Las Vegas 0 - Columbus 1
TOP OF THE 2ND
Las Vegas Flamingos batting - Pitching for Columbus Tidal Waves : RHP Bill Fletcher
Batting: RHB Jeff Young 0-0: Ball
1-0: Foul Ball, location: 2F
1-1: SINGLE (Groundball, 3D)
Batting: RHB Terry Sylvester 0-0: Called Strike
0-1: Ball
1-1: Fielders Choice at 2nd, 5-4 (Groundball, 5)
Batting: RHB Steven Talley 0-0: Called Strike
0-1: Ball
1-1: Foul Ball, location: 2F
1-2: Ball
Terry Sylvester steals 2nd base
2-2: Ball
3-2: Foul Ball, location: 2F
3-2: Ground out 4-3 (Groundball, 4)
Terry Sylvester to third
Batting: RHB Matt Sheppard 0-0: Called Strike
0-1: Called Strike
0-2: Ball
1-2: Foul Ball, location: 2F
1-2: Fly out, F9 (Line Drive, 9D)
Top of the 2nd over - 0 run(s), 1 hit(s), 0 error(s), 1 left on base; Las Vegas 0 - Columbus 1
BOTTOM OF THE 2ND
Columbus Tidal Waves batting - Pitching for Las Vegas Flamingos : LHP Russ Melanson
Batting: RHB Joaquín Parra 0-0: Ball
1-0: Foul Ball, location: 2F
1-1: Ball
2-1: Foul Ball, location: 2F
2-2: Strikes out looking
Batting: RHB Joseph Pate 0-0: Reached on error, E4 (Groundball, 4)
Batting: RHB Bill Fletcher 0-0: Called Strike
0-1: Sac Bunt - play at second, runner OUT -> throw to first, DP!
Bottom of the 2nd over - 0 run(s), 0 hit(s), 1 error(s), 0 left on base; Las Vegas 0 - Columbus 1
TOP OF THE 3RD
Las Vegas Flamingos batting - Pitching for Columbus Tidal Waves : RHP Bill Fletcher
Batting: RHB Pablo Lugo 0-0: Called Strike
0-1: Foul Ball, location: 2F
0-2: Foul Ball, location: 2F
0-2: Ball
1-2: Foul Ball, location: 2F
1-2: Ball
2-2: Foul Ball, location: 2F
2-2: Strikes out swinging
Batting: LHB Russ Melanson 0-0: Called Strike
0-1: Foul Ball, location: 2F
0-2: Ball
1-2: Strikes out swinging
Batting: RHB Bill Taylor 0-0: Called Strike
0-1: Called Strike
0-2: Foul Ball, location: 2F
0-2: Ball
1-2: Ground out 6-3 (Groundball, 6)
Top of the 3rd over - 0 run(s), 0 hit(s), 0 error(s), 0 left on base; Las Vegas 0 - Columbus 1
BOTTOM OF THE 3RD
Columbus Tidal Waves batting - Pitching for Las Vegas Flamingos : LHP Russ Melanson
Batting: LHB Trent Kershaw 0-0: Ball
1-0: Foul Ball, location: 2F
1-1: Ball
2-1: Swinging Strike
2-2: Foul Ball, location: 2F
2-2: Foul Ball, location: 2F
2-2: Ball
3-2: Ground out 4-3 (Groundball, 4)
Batting: RHB Florian Cesaresco 0-0: Ball
1-0: Ground out 4-3 (Groundball, 4)
Batting: RHB Cale Sutton 0-0: Ball
1-0: Ball
2-0: Called Strike
2-1: Foul Ball, location: 2F
2-2: Foul Ball, location: 2F
2-2: Ball
3-2: Strikes out looking
Bottom of the 3rd over - 0 run(s), 0 hit(s), 0 error(s), 0 left on base; Las Vegas 0 - Columbus 1
TOP OF THE 4TH
Las Vegas Flamingos batting - Pitching for Columbus Tidal Waves : RHP Bill Fletcher
Batting: RHB David Gómez 0-0: Swinging Strike
0-1: Ball
1-1: Called Strike
1-2: Strikes out swinging
Batting: RHB Bill Childers 0-0: Called Strike
0-1: Foul Ball, location: 2F
0-2: Ball
1-2: Ball
2-2: Strikes out swinging
Batting: RHB Jeff Young 0-0: Fly out, F4 (Popup, 3D)
Top of the 4th over - 0 run(s), 0 hit(s), 0 error(s), 0 left on base; Las Vegas 0 - Columbus 1
BOTTOM OF THE 4TH
Columbus Tidal Waves batting - Pitching for Las Vegas Flamingos : LHP Russ Melanson
Batting: RHB George McDonald 0-0: Swinging Strike
0-1: Ball
1-1: Called Strike
1-2: Ball
2-2: Ball
3-2: Fly out, F9 (Flyball, 9D)
Batting: LHB Do-hyung Nam 0-0: Called Strike
0-1: Ball
1-1: Foul Ball, location: 2F
1-2: Ball
2-2: Ground out 4-3 (Groundball, 4M)
Batting: LHB Jon MacIntyre 0-0: Foul Ball, location: 2F
0-1: Foul Ball, location: 2F
0-2: DOUBLE (Groundball, 3L)
Pitching: RHP Erik Davis
Batting: RHB Joaquín Parra 0-0: Swinging Strike
0-1: DOUBLE (Flyball, 8RM)
Jon MacIntyre scores
Batting: RHB Joseph Pate 0-0: Intentional Walk
Batting: RHB Bill Fletcher 0-0: Ground out U3 (Groundball, 3L)
Bottom of the 4th over - 1 run(s), 2 hit(s), 0 error(s), 2 left on base; Las Vegas 0 - Columbus 2
TOP OF THE 5TH
Las Vegas Flamingos batting - Pitching for Columbus Tidal Waves : RHP Bill Fletcher
Batting: RHB Terry Sylvester 0-0: Fly out, F8 (Flyball, 78M)
Batting: RHB Steven Talley 0-0: Called Strike
0-1: Foul Ball, location: 2F
0-2: Ball
1-2: Fly out, F2 (Popup, 2LF)
Batting: RHB Matt Sheppard 0-0: Called Strike
0-1: Swinging Strike
0-2: Foul Ball, location: 2F
0-2: Ball
1-2: Foul Ball, location: 2F
1-2: Ball
2-2: Ball
3-2: Strikes out swinging
Top of the 5th over - 0 run(s), 0 hit(s), 0 error(s), 0 left on base; Las Vegas 0 - Columbus 2
BOTTOM OF THE 5TH
Columbus Tidal Waves batting - Pitching for Las Vegas Flamingos : RHP Erik Davis
Batting: LHB Trent Kershaw 0-0: Swinging Strike
0-1: Swinging Strike
0-2: Ground out 5-3 (Groundball, 15S)
Batting: RHB Florian Cesaresco 0-0: Ball
1-0: Ball
2-0: Ball
3-0: Base on Balls
Batting: RHB Cale Sutton 0-0: Called Strike
0-1: Grounds into double play, 6-4-3 (Groundball, 6)
Bottom of the 5th over - 0 run(s), 0 hit(s), 0 error(s), 0 left on base; Las Vegas 0 - Columbus 2
TOP OF THE 6TH
Las Vegas Flamingos batting - Pitching for Columbus Tidal Waves : RHP Bill Fletcher
Batting: RHB Pablo Lugo 0-0: Ball
1-0: Ball
2-0: SINGLE (Line Drive, 4MD)
Pinch Hitting: LHB José Meléndez 0-0: Ball
Pablo Lugo is caught stealing 2nd base
1-0: Ball
2-0: Ground out 4-3 (Groundball, 4M)
Batting: RHB Bill Taylor 0-0: Fly out, F8 (Flyball, 78M)
Top of the 6th over - 0 run(s), 1 hit(s), 0 error(s), 0 left on base; Las Vegas 0 - Columbus 2
BOTTOM OF THE 6TH
Columbus Tidal Waves batting - Pitching for Las Vegas Flamingos : RHP Erik Davis
Pitching: RHP John Dodson
Batting: RHB George McDonald 0-0: Ball
1-0: SINGLE (Groundball, 4D)
Batting: LHB Do-hyung Nam 0-0: Ground out 3-1 (Groundball, 34)
George McDonald to second
Batting: LHB Jon MacIntyre 0-0: Ball
1-0: Ball
2-0: Called Strike
2-1: Ground out 6-3 (Groundball, 6)
Batting: RHB Joaquín Parra 0-0: Called Strike
0-1: Foul Ball, location: 2F
0-2: Ball
1-2: Ball
2-2: Ball
3-2: Strikes out swinging
Bottom of the 6th over - 0 run(s), 1 hit(s), 0 error(s), 1 left on base; Las Vegas 0 - Columbus 2
TOP OF THE 7TH
Las Vegas Flamingos batting - Pitching for Columbus Tidal Waves : RHP Bill Fletcher
Batting: RHB David Gómez 0-0: Swinging Strike
0-1: Foul Ball, location: 2F
0-2: Strikes out looking
Batting: RHB Bill Childers 0-0: Foul Ball, location: 2F
0-1: Ball
1-1: Ball
2-1: Foul Ball, location: 2F
2-2: Ball
3-2: Ground out 5-3 (Groundball, 5)
Batting: RHB Jeff Young 0-0: Ball
1-0: Ball
2-0: Called Strike
2-1: Ball
3-1: Called Strike
3-2: Strikes out swinging
Top of the 7th over - 0 run(s), 0 hit(s), 0 error(s), 0 left on base; Las Vegas 0 - Columbus 2
BOTTOM OF THE 7TH
Columbus Tidal Waves batting - Pitching for Las Vegas Flamingos : RHP John Dodson
Batting: RHB Joseph Pate 0-0: Foul Ball, location: 2F
0-1: Foul Ball, location: 2F
0-2: Ground out 1-3 (Groundball, 15)
Pinch Hitting: RHB António Sánchez 0-0: Called Strike
0-1: Ball
1-1: Ball
2-1: Foul Ball, location: 2F
2-2: Ball
3-2: Ground out 5-3 (Groundball, 5)
Batting: LHB Trent Kershaw 0-0: Foul Ball, location: 2F
0-1: Fly out, F8 (Flyball, 8RXD)
Bottom of the 7th over - 0 run(s), 0 hit(s), 0 error(s), 0 left on base; Las Vegas 0 - Columbus 2
TOP OF THE 8TH
Las Vegas Flamingos batting - Pitching for Columbus Tidal Waves : RHP Bill Fletcher
Pitching: RHP Les Edwards
Now at C: Juan Alvarado
Batting: RHB Terry Sylvester 0-0: Called Strike
0-1: Foul Ball, location: 2F
0-2: Foul Ball, location: 2F
0-2: Strikes out looking
Batting: RHB Steven Talley 0-0: Ball
1-0: Called Strike
1-1: Foul Ball, location: 2F
1-2: Foul Ball, location: 2F
1-2: Ball
2-2: Foul Ball, location: 2F
2-2: Ground out 5-3 (Groundball, 5)
Batting: RHB Matt Sheppard 0-0: Ball
1-0: Foul Ball, location: 2F
1-1: Swinging Strike
1-2: Ball
2-2: Ground out 6-3 (Groundball, 6)
Top of the 8th over - 0 run(s), 0 hit(s), 0 error(s), 0 left on base; Las Vegas 0 - Columbus 2
BOTTOM OF THE 8TH
Columbus Tidal Waves batting - Pitching for Las Vegas Flamingos : RHP John Dodson
Pitching: RHP Bob Warford
Now in RF: Bill Becker
Batting: RHB Florian Cesaresco 0-0: Ball
1-0: Fly out, F6 (Popup, 4M)
Batting: RHB Cale Sutton 0-0: Ball
1-0: Ball
2-0: Ball
3-0: Base on Balls
Batting: RHB George McDonald 0-0: Ball
1-0: Called Strike
1-1: Called Strike
1-2: Strikes out looking
Cale Sutton steals 2nd base
Batter strikes out.
Batting: RHB Juan Alvarado 0-0: Fly out, F4 (Popup, 4)
Bottom of the 8th over - 0 run(s), 0 hit(s), 0 error(s), 1 left on base; Las Vegas 0 - Columbus 2
TOP OF THE 9TH
Las Vegas Flamingos batting - Pitching for Columbus Tidal Waves : RHP Les Edwards
Pitching: LHP Han-lee Pak
Batting: RHB Pablo Lugo 0-0: Called Strike
0-1: Called Strike
0-2: Fly out, F9 (Flyball, 9S)
Batting: SHB Bill Becker 0-0: Hit by Pitch
Batting: RHB Bill Taylor 0-0: Ball
1-0: Foul Ball, location: 2F
1-1: 2-RUN HOME RUN (Flyball, 8LXD), Distance : 421 ft
Pitching: RHP Mike Warren
Batting: RHB David Gómez 0-0: Fly out, F7 (Line Drive, 7D)
Batting: RHB Bill Childers 0-0: Foul Ball, location: 2F
0-1: Foul Ball, location: 2F
0-2: Foul Ball, location: 2F
0-2: Ball
1-2: Foul Ball, location: 2F
1-2: Fly out, F7 (Flyball, 78M)
Top of the 9th over - 2 run(s), 1 hit(s), 0 error(s), 0 left on base; Las Vegas 2 - Columbus 2
BOTTOM OF THE 9TH
Columbus Tidal Waves batting - Pitching for Las Vegas Flamingos : RHP Bob Warford
Pitching: RHP Augusto Dávila
Now at 2B: Stephen Baldwin
Pinch Hitting: LHB James Murray 0-0: Swinging Strike
0-1: Called Strike
0-2: Foul Ball, location: 2F
0-2: Foul Ball, location: 2F
0-2: Ground out 2-3 (Groundball, 23)
Batting: RHB Joaquín Parra 0-0: Called Strike
0-1: Called Strike
0-2: Foul Ball, location: 2F
0-2: Ball
1-2: Foul Ball, location: 2F
1-2: Strikes out swinging
Batting: RHB Joseph Pate 0-0: Called Strike
0-1: Ball
1-1: Ball
2-1: Ball
3-1: Foul Ball, location: 2F
3-2: Foul Ball, location: 2F
3-2: Foul Ball, location: 2F
3-2: Foul Ball, location: 2F
3-2: Base on Balls
Pinch Hitting: RHB Justin Maldonado 0-0: Called Strike
Joseph Pate is caught stealing 2nd base
Bottom of the 9th over - 0 run(s), 0 hit(s), 0 error(s), 0 left on base; Las Vegas 2 - Columbus 2
TOP OF THE 10TH
Las Vegas Flamingos batting - Pitching for Columbus Tidal Waves : RHP Mike Warren
Pitching: RHP Bill Jensen
Now at 2B: James Murray
Batting: RHB Jeff Young 0-0: Called Strike
0-1: Reached on error, E4 (Groundball, 4)
Batting: RHB Terry Sylvester 0-0: Called Strike
0-1: Ball
1-1: Ball
2-1: SINGLE (Line Drive, 56)
Jeff Young to second
Batting: SHB Stephen Baldwin 0-0: Ball
1-0: Called Strike
1-1: Ball
2-1: Fly out, F4 (Popup, 34S)
Batting: RHB Matt Sheppard 0-0: Swinging Strike
0-1: Ball
1-1: Ball
2-1: Ground out 5-3 (Groundball, 5S)
Jeff Young to third
Terry Sylvester to second
Pinch Hitting: RHB Floyd Mitchell 0-0: Fly out, F9 (Popup, 3D)
Top of the 10th over - 0 run(s), 1 hit(s), 1 error(s), 2 left on base; Las Vegas 2 - Columbus 2
BOTTOM OF THE 10TH
Columbus Tidal Waves batting - Pitching for Las Vegas Flamingos : RHP Augusto Dávila
Pitching: RHP Carlos Rúbio
Batting: RHB Bill Jensen 0-0: Foul Ball, location: 2F
0-1: Called Strike
0-2: Strikes out looking
Batting: LHB Trent Kershaw 0-0: Ball
1-0: Called Strike
1-1: Fly out, F9 (Flyball, 9M)
Batting: RHB Florian Cesaresco 0-0: Ball
1-0: Ground out U3 (Groundball, 3)
Bottom of the 10th over - 0 run(s), 0 hit(s), 0 error(s), 0 left on base; Las Vegas 2 - Columbus 2
TOP OF THE 11TH
Las Vegas Flamingos batting - Pitching for Columbus Tidal Waves : RHP Bill Jensen
Batting: SHB Bill Becker 0-0: Foul Ball, location: 2F
0-1: Foul Ball, location: 2F
0-2: Ball
1-2: Strikes out swinging
Batting: RHB Bill Taylor 0-0: Ball
1-0: SINGLE (Groundball, 56D)
Batting: RHB David Gómez 0-0: Ball
1-0: Ball
2-0: Foul Ball, location: 2F
2-1: SINGLE (Flyball, 34D)
Bill Taylor to second
Runner from 2nd tries for 3rd, SAFE, no throw or cutoff
Batting: RHB Bill Childers 0-0: Swinging Strike
0-1: Ball
1-1: Ball
2-1: Foul Ball, location: 2F
2-2: Fly out, F8 (Flyball, 8LM)
Runner from 3rd tags up, SCORES, no throw
Batting: RHB Jeff Young 0-0: Ball
1-0: Called Strike
1-1: Ball
2-1: Foul Ball, location: 2F
2-2: SINGLE (Groundball, 56S)
David Gómez to second
Batting: RHB Terry Sylvester 0-0: Called Strike
0-1: Ball
1-1: Foul Ball, location: 2F
1-2: Reached on error, E1 (Groundball, 15)
David Gómez scores
Jeff Young to third
Pitching: RHP Javier Hernández
Batting: SHB Stephen Baldwin 0-0: Foul Ball, location: 2F
0-1: Hit by Pitch
Batting: RHB Matt Sheppard 0-0: Called Strike
0-1: Ball
1-1: Called Strike
1-2: Strikes out looking
Top of the 11th over - 2 run(s), 3 hit(s), 1 error(s), 3 left on base; Las Vegas 4 - Columbus 2
BOTTOM OF THE 11TH
Columbus Tidal Waves batting - Pitching for Las Vegas Flamingos : RHP Carlos Rúbio
Batting: RHB Cale Sutton 0-0: Called Strike
0-1: Swinging Strike
0-2: Ball
1-2: Ball
2-2: SINGLE (Line Drive, 8LS)
Batting: RHB George McDonald 0-0: Ball
1-0: Ball
2-0: Foul Ball, location: 2F
2-1: Ball
3-1: Fly out, F8 (Flyball, 89D)
Batting: RHB Juan Alvarado 0-0: Ball
1-0: Fly out, F9 (Flyball, 9M)
Batting: LHB James Murray 0-0: Ball
1-0: SINGLE (Groundball, 34D)
Cale Sutton to second
Runner from 2nd tries for 3rd, OUT!
Bottom of the 11th over - 0 run(s), 2 hit(s), 0 error(s), 1 left on base; Las Vegas 4 - Columbus 2
This league is powered by Out of the Park Baseball, the baseball management simulation game for PC, Mac and Linux
Saturday, July 25th, 2015 - OOTP Baseball 15.6 Build 34